 Dungeon Crawl Stone Soup version 0.25.1-2-g60ff931df9 (webtiles) character file.

Game seed: 526077027456340911

324 DogServant the Insei (level 6, -3/38 HPs)
             Began as an Octopode Transmuter on Oct 3, 2020.
             Killed from afar by an orc wizard (6 damage)
             ... with a magic dart
             ... on level 4 of the Dungeon.
             The game lasted 00:04:10 (3908 turns).

DogServant the Insei (Octopode Transmuter)          Turns: 3908, Time: 00:04:12

Health: -3/38      AC:  2    Str: 10    XL:     6   Next: 48%
Magic:  2/9        EV: 22    Int: 16    God:
Gold:   113        SH:  0    Dex: 18    Spells: 3/9 levels left

rFire    . . .     SeeInvis .     - Unarmed
rCold    . . .     Gourm    .   (shield currently unavailable)
rNeg     . . .     Faith    .   (helmet currently unavailable)
rPois    x         Spirit   .   (no amulet)
rElec    .         Reflect  .   (no ring)
rCorr    .         Harm     .   (no ring)
MR       .....                  (no ring)
Stlth    +.........             (no ring)
HPRegen  0.12/turn              (no ring)
MPRegen  0.11/turn              (no ring)
                                (no ring)
                                (no ring)

@: confused, spider-form (expiring), flying, very slightly contaminated
A: tiny, almost no armour, stealthy swim, (amphibious), 8 rings, (constrict 8)
a: End Transformation


You were on level 4 of the Dungeon.
You were hungry.
You were a venomous arachnid creature.
You visited 1 branch of the dungeon, and saw 4 of its levels.

You collected 113 gold pieces.

Inventory:

Missiles
 a - 11 arrows
Scrolls
 d - a scroll of fear {unknown}
 e - 3 scrolls of amnesia {unknown}
 f - 2 scrolls of noise {unknown}
 h - a scroll of enchant weapon {unknown}
 i - 4 scrolls of remove curse {unknown}
 j - a scroll of enchant armour {unknown}
 k - 3 scrolls of identify {unknown}
 m - 2 scrolls of teleportation {unknown}
Potions
 b - a potion of flight
 g - a potion of brilliance {unknown}
 l - a potion of resistance {unknown}
Comestibles
 c - 5 rations


   Skills:
 + Level 1.0 Fighting
 - Level 4.0 Dodging
 + Level 4.7 Unarmed Combat
 - Level 2.0 Spellcasting
 + Level 4.1 Transmutations
 + Level 0.0 Poison Magic


You had 3 spell levels left.
You knew the following spells:

 Your Spells              Type           Power        Failure   Level  Hunger
a - Beastly Appendage     Tmut           ##....       12%         1    #......
b - Sticks to Snakes      Tmut           ##......     17%         2    ###....
c - Spider Form           Tmut/Pois      #.........   47%         3    ###....

Your spell library contained the following spells:

 Spells                   Type           Power        Failure   Level  Hunger
 Ice Form                 Ice/Tmut       #.......     83%         4    #####..
 Blade Hands              Tmut           ##........   87%         5    ######.


Dungeon Overview and Level Annotations

Branches:
Dungeon (4/15)
 Temple: D:4-7

Altars:
Kikubaaqudgha
Okawaru
Yredelemnul
Zin


Innate Abilities, Weirdness & Mutations

You cannot wear most types of armour.
You are very stealthy in the water. (Stealth+)
((You are amphibious.))
You can wear up to eight rings at the same time.
((You can use your tentacles to constrict eight enemies at once.))
((Your skin changes colour to match your surroundings (Stealth+).))
((Your rubbery body absorbs attacks. (AC +1, EV +1)))


Message History

You bump into the rock wall.
The orc wizard hits you with a +0 dagger.
Something closely misses you. The orc hits you with a +0 dagger.
* * * LOW HITPOINT WARNING * * *
The orc hits you but does no damage. The orc misses you.
The orc wizard mumbles some strange words.
The orc wizard blinks!
You hit the orc.
The orc is poisoned.
The orc is heavily wounded.
Something hits you.
* * * LOW HITPOINT WARNING * * *
The orc misses you. The orc hits you with a +0 dagger.
* * * LOW HITPOINT WARNING * * *
It was a potion of flight.
You feel very buoyant.
You fly up into the air.
You hear some strange, mumbled words.
A magic dart appears from out of thin air!
The magic dart hits you.
You die...

... #........{%.o
... #........#
#... #.....o.##
.....#...o.o.#
......#.....###
..........## #.
........o.#
##..#......†o###
....###.....os{#
##..##....##oo#
##..........#o.##
........÷÷......#
........÷...#..##
..........<....#
##.............#
#.............##
##.......#....#


You could see an orc wizard (fast) and 5 orcs.

Vanquished Creatures
  An ogre (D:2)
  A bullfrog (D:3)
  A worker ant (D:4)
  A hound skeleton (D:2)
  4 adders
  2 oozes
  A worm (D:2)
  2 dart slugs (D:2)
  3 leopard geckos
  3 orcs
  5 bats
  3 giant cockroaches
  2 gnoll zombies (D:3)
  8 goblins
  4 hobgoblins
  8 jackals
  A quokka (D:3)
  2 ball pythons (D:2)
  7 frilled lizards
  14 kobolds
  9 rats
82 creatures vanquished.

Vanquished Creatures (collateral kills)
  A frilled lizard (D:3)
1 creature vanquished.

Vanquished Creatures (others)
  A human (D:2)
1 creature vanquished.

Grand Total: 84 creatures vanquished

Notes
Turn   | Place    | Note
-------+----------+-------------------------------------------
     0 | D:1      | DogServant the Octopode Transmuter began the quest for the
                  | Orb.
     0 | D:1      | Reached XP level 1. HP: 13/13 MP: 3/3
   630 | D:1      | Reached XP level 2. HP: 18/18 MP: 1/5
  1300 | D:2      | Reached XP level 3. HP: 23/23 MP: 4/6
  1509 | D:2      | Found an ancient bone altar of Kikubaaqudgha.
  1510 | D:2      | Noticed a human
  1512 | D:2      | Killed a human
  1522 | D:2      | Found an iron altar of Okawaru.
  1652 | D:2      | Reached XP level 4. HP: 23/28 MP: 7/7
  1930 | D:2      | Noticed an ogre
  1943 | D:2      | HP: 1/28 [ogre/+0 giant spiked club (18)]
  1946 | D:2      | Killed an ogre
  1946 | D:2      | Reached XP level 5. HP: 1/33 MP: 8/8
  2235 | D:2      | Learned a level 2 spell: Sticks to Snakes
  2239 | D:2      | Learned a level 3 spell: Spider Form
  2890 | D:3      | Found a glowing silver altar of Zin.
  2898 | D:3      | Reached XP level 6. HP: 23/38 MP: 7/9
  3248 | D:3      | Found a basalt altar of Yredelemnul.
  3908 | D:4      | Killed from afar by an orc wizard

Illustrated notes

Levels and vault maps discovered:
D:1:      dpeg_arrival_more_subterranean_lakeside_camping, layout_basic
D:2:      layout_loops_corners, okawaru_trees_1, grunt_ministairs_9,
          tgw_kikubaaqudgha
D:3:      layout_rooms, old_standard_altar, lemuel_zombie_altar_yredelemnul,
          serial_corexii_hall, corexii_hall_statues_i, corexii_hall_statues_s,
          first_ration
D:4:      layout_cave_pools, lemuel_doored_altar, temple_pool_b, st_stairs_6,
          minivault_11

Skill      XL: |  1  2  3  4  5  6 |
---------------+-------------------+-----
Transmutations | 3 4 |  4.1
Dodging        | 3 4 |  4.0
Unarmed Combat | 4 |  4.7
Fighting       | |  1.0
Spellcasting   | |  2.0

Action                   |  1- 3 |  4- 6 || total
-------------------------+-------+-------++-------
Melee: Unarmed           |    69 |   141 ||   210
       Constrict         |    19 |    27 ||    46
       Tentacles         |    15 |    24 ||    39
       Kick              |    14 |    20 ||    34
       Punch             |     1 |     4 ||     5
 Cast: Beastly Appendage |     8 |    10 ||    18
       Sticks to Snakes  |       |     1 ||     1
       Spider Form       |       |     1 ||     1
  Use: Potion            |       |     1 ||     1
 Stab: Sleeping          |     2 |     3 ||     5
  Eat: Chunk             |     2 |     4 ||     6
       Ration            |       |     1 ||     1
Armor: Skin              |     7 |     6 ||    13
Dodge: Dodged            |    42 |   136 ||   178
